Map: Ley Lines

Players

llllllllllll - Winner!

  • Race: Terran Terran
  • League: Bronze
  • Spawn Location: 1:00

IIIIIIIIIIII

  • Race: Zerg Zerg
  • League: Silver
  • Spawn Location: 7:00

VOD

Have the link to the VOD?

Description

Time

  • Played on: April 24, 2025, 8:36 a.m.
  • Length: 6:58
Show
View Real Time Build Order
Export as new Build Order

llllllllllll Terran - Winner!

Build Orders: 2 Factory, Gas First Reaper Expand 

Get SALT Encoding   

  12  0:00  SCV  
  13  0:12  SCV  
  14  0:17  Supply Depot  
  14  0:24  SCV  
  15  0:29  Refinery  
  15  0:38  SCV  
  16  0:44  Barracks  
  16  0:50  SCV  
  17  1:03  SCV  
  18  1:15  SCV  
  19  1:31  Reaper  
  19  1:32  Orbital Command  
  20  1:44  Command Center  
  20  1:55  Factory  
  20  1:59  SCV  
  21  2:07  Refinery  
  21  2:08  Barracks Reactor  
  21  2:12  SCV  
  22  2:18  Supply Depot  
  22  2:24  SCV  
  23  2:39  SCV  
  23  2:40  Factory  
  24  2:51  SCV  
  24  2:52  Hellion x2  
  29  3:03  SCV  
  29  3:05  Orbital Command  
  30  3:16  Barracks Tech Lab, SCV  
  31  3:28  SCV  
  31  3:30  Supply Depot  
  31  3:32  SCV  
  31  3:33  Supply Depot  
  33  3:37  Mag-Field Accelerator  
  33  3:40  Cyclone  
  36  3:42  SCV  
  36  3:47  SCV  
  38  3:54  SCV  
  39  3:56  Supply Depot  
  39  3:58  Supply Depot  
  39  3:59  SCV  
  40  4:06  SCV  
  41  4:12  SCV  
  42  4:18  SCV  
  42  4:23  Factory x2  
  42  4:24  Factory  
  43  4:25  SCV  
  43  4:27  Refinery  
  43  4:28  Refinery  
  43  4:30  SCV  
  45  4:35  Cyclone  
  45  4:37  SCV  
  49  4:42  SCV, Hellion  
  49  4:43  Hellion  
  54  4:49  SCV  
  55  4:54  SCV  
  56  5:01  SCV  
  56  5:06  SCV  
  56  5:07  Factory Reactor, Factory Tech Lab x2  
  58  5:13  SCV  
  59  5:15  Cyclone  
  59  5:16  Hellion  
  59  5:17  Infernal Pre-Igniter  
  59  5:18  SCV  
  65  5:23  Supply Depot  
  65  5:24  Supply Depot  
  65  5:25  SCV  
  66  5:32  Cyclone x2  
  73  5:39  Hellion x2  
  76  5:45  Supply Depot, Hellion  
  76  5:47  Supply Depot, Hellion  
  80  5:51  Cyclone  
  83  6:04  Cyclone  
  83  6:06  Cyclone  
  83  6:08  Supply Depot  
  83  6:09  Supply Depot  
  89  6:21  Hellion x3  
  89  6:24  Cyclone  
  98  6:28  Hellion  
Show
View Real Time Build Order
Export as new Build Order

IIIIIIIIIIII Zerg 

Build Orders: 3 Hatch before Pool 

Get SALT Encoding   

  12  0:00  Drone  
  13  0:08  Drone  
  14  0:18  Overlord  
  14  0:23  Extractor  
  14  0:24  Drone  
  15  0:43  Drone x2  
  17  0:54  Drone x2  
  19  1:06  Hatchery  
  19  1:07  Drone  
  19  1:17  Drone  
  20  1:28  Drone  
  21  1:37  Hatchery  
  20  1:41  Extractor  
  20  1:46  Spawning Pool  
  18  1:51  Drone x2  
  20  2:01  Overlord  
  20  2:10  Drone  
  21  2:23  Drone  
  22  2:33  Zergling x2, Queen  
  22  2:34  Zergling x4  
  27  2:41  Metabolic Boost  
  27  2:47  Queen  
  29  2:58  Queen  
  29  3:00  Overlord  
  29  3:04  Drone  
  32  3:09  Extractor  
  31  3:17  Queen  
  34  3:20  Drone x2  
  35  3:30  Queen  
  35  3:33  Zergling x2  
  38  3:36  Zergling x2  
  38  3:37  Zergling x2  
  40  3:44  Overlord  
  40  3:46  Zergling x2  
  41  3:56  Zergling x2  
  42  4:03  Overlord  
  42  4:08  Queen  
  44  4:13  Queen  
  46  4:17  Queen  
  48  4:25  Extractor  
  48  4:28  Baneling Nest  
  46  4:35  Zergling x8  
  50  4:40  Overlord  
  50  4:44  Zergling x2  
  51  4:52  Zergling x2  
  52  4:53  Zergling x6  
  52  4:59  Overlord  
  55  5:12  Baneling  
  55  5:13  Baneling x2  
  55  5:15  Lair  
  55  5:16  Drone  
  55  5:17  Drone  
  57  5:25  Overlord  
  57  5:30  Spore Crawler  
  56  5:42  Drone x4  
  60  5:48  Overlord  
  60  5:52  Pneumatized Carapace  
  60  6:05  Drone  
  60  6:06  Drone x3  
  60  6:07  Drone  
  65  6:19  Drone x5  
  65  6:25  Zergling x2  
  71  6:26  Zergling x2  
  70  6:38  Zergling x4  
  70  6:39  Zergling x8  
Tags
 
Add a new tag
Caveats
  • Supply blocks, unpowered buildings, or Contaminate may cause inaccurate times.
  • Supply counts are checked every 10 seconds.